 Dungeon Crawl Stone Soup version 0.29.1-12-g30fa7ad0bf (webtiles) character file.

Game seed: 11281751790102117797

25 Brandom the Grasshopper (level 2, -2/23 HPs)
             Began as a Palentonga Warper on Dec 13, 2022.
             Slain by a kobold
             ... wielding a +0 whip
              (3 damage)
             ... on level 1 of the Dungeon.
             The game lasted 00:01:41 (1163 turns).

Brandom the Grasshopper (Palentonga Warper)         Turns: 1163, Time: 00:01:41

Health: -2/23      AC:  4    Str: 16    XL:     2   Next: 82%
Magic:  5/5        EV:  9    Int: 13    God:
Gold:   49         SH:  0    Dex:  9    Spells: 3/5 levels left

rFire   . . .      SeeInvis +   a - +0 falchion
rCold   . . .      Faith    .   (no shield)
rNeg    . . .      Spirit   .   b - +0 leather armour
rPois   .          Reflect  .   (no helmet)
rElec   .          Harm     .   (no cloak)
rCorr   .          Rampage  .   (no gloves)
Will    .....                   (no barding)
Stlth   +.........              (no amulet)
HPRegen 0.07/turn               (no ring)
MPRegen 0.09/turn               (no ring)

@: no status effects
A: large, rugged brown scales 3, see invisible, deformed body, roll 1, armoured
tail
a: Rolling Charge


You were on level 1 of the Dungeon.
You visited 1 branch of the dungeon, and saw 1 of its levels.

You collected 49 gold pieces.

Inventory:

Hand Weapons
 a - a +0 falchion (weapon)
Missiles
 d - 7 boomerangs of dispersal (quivered)
 h - 5 boomerangs
Armour
 b - a +0 leather armour (worn)
Scrolls
 c - a scroll of blinking
 e - a scroll of identify {unknown}
 f - a scroll of enchant armour {unknown}
 g - a scroll of teleportation {unknown}
 i - a scroll of enchant weapon {unknown}
 j - a scroll of amnesia {unknown}


   Skills:
 + Level 2.1 Fighting
 + Level 2.4 Long Blades
 - Level 0.6 Throwing
 + Level 1.0 Armour
 + Level 1.7 Dodging
 - Level 2.0 Spellcasting
 + Level 3.4 Translocations


You had 3 spell levels left.
You knew the following spells:

 Your Spells              Type           Power      Damage    Failure   Level
a - Blink                 Tloc           20%        N/A       12%         2

Your spell library contained the following spells:

 Spells                   Type           Power      Damage    Failure   Level
 Gell's Gravitas          Tloc           10%        N/A       22%         3
 Lesser Beckoning         Tloc           10%        N/A       22%         3
 Teleport Other           Tloc           10%        N/A       22%         3
 Slow                     Hex            4%         N/A       30%         1
 Confusing Touch          Hex            1%         N/A       67%         3
 Vampiric Draining        Necr           1%         2d6       67%         3
 Manifold Assault         Tloc           10%        N/A       91%         5


Dungeon Overview and Level Annotations

Branches:
Dungeon (1/15)

Altars:


Innate Abilities, Weirdness & Mutations

You are completely covered in rugged brown scales. (AC +3, +7% HP)
You have supernaturally acute eyesight. (SInv)
Armour fits poorly on your strangely shaped body.
You can roll at nearby foes to attack.
You have a long armoured tail.


Message History

You are too injured to fight recklessly!
You are too injured to fight recklessly!
You are too injured to fight recklessly!
Unknown command.
The kobold attacks as you move away! The kobold hits you but does no damage.
The ball python attacks as you move away!
The ball python bites you. The kobold hits you but does no damage.
The ball python barely misses you. The kobold attacks as you move away!
The kobold hits you but does no damage.
You are too injured to fight recklessly!
You closely miss the kobold.
Your tail-slap misses the kobold.
The kobold hits you with a +0 whip.
You miss the kobold. The kobold barely misses you. The ball python bites you.
The kobold hits you with a +0 whip.
* * * LOW HITPOINT WARNING * * *
Unknown command.
The ball python bites you but does no damage.
The ball python attacks as you move away!
The ball python barely misses you. The ball python completely misses you.
The ball python attacks as you move away!
The ball python barely misses you.
You barely miss the ball python.
Your tail-slap misses the ball python.
The ball python barely misses you.
You hit the ball python.
You kill the ball python!
You hit the kobold.
You tail-slap the kobold, but do no damage.
The kobold is heavily wounded.
The kobold hits you with a +0 whip.
* * * LOW HITPOINT WARNING * * *
Unknown command.
You miss the kobold.
The kobold is heavily wounded.
The kobold hits you with a +0 whip.
* * * LOW HITPOINT WARNING * * *
Unknown command.
You closely miss the kobold.
Your tail-slap misses the kobold.
The kobold is heavily wounded.
The kobold hits you with a +0 whip.
You die...

# ♣.♣
###.##.....#.##...#.##....
###.##
#........#.###.####...##
.....# #........#.#.#.#
#..#.#. ##.###
#.##....##.#.#.###.##...
#..#
#.##........##.##..###.#
##.#
#.##....)..###....###..#
#.#
###.##....#....###.###...#
#.#
#.......#.##....##.###.#.#
#.#
#......##@##.........#.#.#
#.#
#......##K###..#.#..>.....
#.#
######.##..###...#........
#.# #.###..##............
#.# ###.#
##.#...##........ ##.####
#...# #....#.........#
##.....####†###
##.#...#.......#
#.).....##.>#
#....##.......#
...........##
#....##.......#


You could see a kobold.

Vanquished Creatures
  2 endoplasms (D:1)
  2 goblins (D:1)
  4 hobgoblins (D:1)
  4 ball pythons (D:1)
  3 bats (D:1)
  4 frilled lizards (D:1)
  2 kobolds (D:1)
  3 rats (D:1)
24 creatures vanquished.

Notes
Turn   | Place    | Note
-------+----------+-------------------------------------------
     0 | D:1      | Brandom the Palentonga Warper began the quest for the Orb.
     0 | D:1      | Reached XP level 1. HP: 17/17 MP: 3/3
   247 | D:1      | Reached XP level 2. HP: 15/23 MP: 5/5
   327 | D:1      | Learned a level 2 spell: Blink
   731 | D:1      | Reached skill level 1 in Armour
  1162 | D:1      | HP: 1/23 [kobold/+0 whip (2)]
  1163 | D:1      | Slain by a kobold

Illustrated notes

Levels and vault maps discovered:
D:1:      onia_arrival_handbag, layout_rooms, grunt_decor_fettered,
          nrook_mini_backslash, nrook_campfire, minmay_tree_intersection,
          skrybe_limestone_x

Skill      XL: |  1  2 |
---------------+-------+-----
Armour         | 1 |  1.0
Fighting       | |  2.1
Long Blades    | |  2.4
Throwing       | |  0.6
Dodging        | |  1.7
Spellcasting   | |  2.0
Translocations | |  3.4

Action                   || total
-------------------------++-------
Melee: Falchion          ||    79
       Tailslap          ||    10
Armor: Leather armour    ||    45
Dodge: Dodged            ||    37
